WCHLSIM.com - West Coast Hockey League
html PUBLIC "-//W3C//DTD XHTML 1.0 Transitional//EN" "http://www.w3.org/TR/xhtml1/DTD/xhtml1-transitional.dtd"> WCHL - Game 1012 - SAN JOSE BRONCOS vs SAN FRANCISCO SPIDERS

SAN JOSE BRONCOS vs SAN FRANCISCO SPIDERS

Created - 13 mars 2024 at 21:07

Goals
1 2 3 T
SAN JOSE BRONCOS 0 1 0 1
SAN FRANCISCO SPIDERS 2 0 2 4
Shots
1 2 3 T
SAN JOSE BRONCOS 7 10 10 27
SAN FRANCISCO SPIDERS 14 8 12 34

1st period

1. SAN FRANCISCO SPIDERS , Bo Horvat 31 (Andrei Svechnikov 24) at 0:43
2. SAN FRANCISCO SPIDERS , Nick Bjugstad 12 (Sebastian Aho 41) at 19:35

Penalties :
Ilya Usau (SJO) for Holding (Minor) at 7:37, Viktor Arvidsson (SAF) for Tripping (Minor) at 14:40

2nd period

3. SAN JOSE BRONCOS , Oliver Bjorkstrand 11 (Tyson Jost 7, Cole Caufield 5) at 3:06

Penalties :
Oliver Bjorkstrand (SJO) for Roughing (Minor) at 0:39, Neal Pionk (SJO) for Tripping (Minor) at 11:24, Jake Walman (SJO) for Hooking (Minor) at 14:15

3rd period

4. SAN FRANCISCO SPIDERS , Viktor Arvidsson 23 (Jared McCann 26, Jack Roslovic 23) at 0:06
5. SAN FRANCISCO SPIDERS , Jared McCann 25 (Viktor Arvidsson 24, Jack Roslovic 24) at 13:29

Penalties :
Erik Gudbranson (SAF) for Hooking (Minor) at 9:56

Goalie Stats

Jaxson Stauber (SJO), 30 saves from 34 shots - (0,882), L, 4-13-2, 60:00 minutes
Igor Shesterkin (SAF), 26 saves from 27 shots - (0,963), W, 39-14-3, 60:00 minutes

Players Stats for SAN JOSE BRONCOS

Player Name              G  A  P  +/- PIM S  H  SB GA TA FO     MP     PP MP  PK MP  
------------------------------------------------------------------------------------
Adam Pelech              0  0  0  -1  0   2  3  1  0  0  0/0    22:50   1:44   4:09 
Anthony Richard          0  0  0   0  0   0  0  0  0  0  3/13   11:43   0:00   1:20 
Brayden Point            0  0  0  -2  0   2  2  0  0  0  6/22   20:05   2:19   0:00 
Brett Leason             0  0  0  -1  0   0  0  0  0  0  0/0     8:50   0:00   3:14 
Carl Grundstrom          0  0  0   0  0   1  0  0  0  0  0/0    14:07   0:00   3:44 
Clayton Keller           0  0  0  -2  0   6  2  0  0  0  0/1    20:05   2:19   0:00 
Cole Caufield            0  1  1   0  0   2  0  0  0  0  0/1    16:00   1:39   0:00 
Ilya Usau                0  0  0  -1  2   0  2  0  0  0  3/8     5:35   0:00   0:00 
Jaccob Slavin            0  0  0  -3  0   1  0  2  0  0  0/0    25:25   2:14   4:58 
Jake Walman              0  0  0  -1  2   4  0  0  0  0  0/0    21:05   1:44   2:25 
Jesper Bratt             0  0  0  -2  0   2  2  0  0  0  3/6    23:19   2:19   3:14 
Jesse Puljujarvi         0  0  0   0  0   0  0  0  0  0  0/0    10:23   0:00   0:00 
Jonathan Gruden          0  0  0  -1  0   1  1  0  0  0  0/2     5:36   0:00   0:00 
Neal Pionk               0  0  0  -3  2   2  1  2  0  0  0/0    23:43   2:14   3:17 
Oliver Bjorkstrand       1  0  1   0  2   2  1  0  0  0  0/2    15:59   1:39   0:00 
Timothy Liljegren        0  0  0   1  0   1  1  2  0  0  0/0    12:56   0:00   0:00 
Tyson Jost               0  1  1   0  0   1  1  0  0  0  15/28  20:20   1:39   4:20 
Ville Ottavainen         0  0  0   1  0   0  0  0  0  0  0/0    13:59   0:00   1:03 

Players Stats for SAN FRANCISCO SPIDERS

Player Name              G  A  P  +/- PIM S  H  SB GA TA FO     MP     PP MP  PK MP  
------------------------------------------------------------------------------------
Andrei Svechnikov        0  1  1   1  0   2  1  0  0  0  0/2    17:07   2:59   0:00 
Bo Horvat                1  0  1   1  0   5  0  0  0  0  18/24  20:06   2:58   3:00 
Brady Tkachuk            0  0  0   1  0   4  2  0  0  0  1/2    18:08   3:30   0:50 
Brenden Dillon           0  0  0   3  0   1  3  1  0  0  0/0    22:06   4:06   1:23 
Brock Faber              0  0  0   1  0   1  1  2  0  0  0/0    24:27   3:18   2:29 
Dakota Joshua            0  0  0  -1  0   0  2  0  0  0  4/5     5:49   0:00   0:00 
Darnell Nurse            0  0  0   3  0   0  2  2  0  0  0/0    24:06   4:06   1:29 
Eeli Tolvanen            0  0  0  -1  0   2  0  0  0  0  0/0     6:21   0:32   0:00 
Erik Gudbranson          0  0  0  -1  2   2  2  0  0  0  0/0    13:26   0:32   0:06 
Jack Roslovic            0  2  2   2  0   1  1  0  0  0  10/19  16:55   0:32   2:02 
Jacob Middleton          0  0  0  -1  0   0  1  0  0  0  0/0    13:21   0:32   0:00 
Jared McCann             1  1  2   2  0   2  1  0  0  0  0/1    18:47   4:26   0:00 
Michael Anderson         0  0  0   1  0   0  0  4  0  0  0/0    22:33   3:18   2:29 
Nick Bjugstad            1  0  1   1  0   2  0  0  0  0  0/1    13:48   0:00   0:00 
Ondrej Palat             0  0  0   1  0   3  0  0  0  0  0/0    14:08   0:00   0:00 
Sam Lafferty             0  0  0  -1  0   1  0  0  0  0  0/0     5:49   0:00   0:00 
Sebastian Aho            0  1  1   1  0   2  1  1  0  0  20/29  20:18   4:26   2:04 
Viktor Arvidsson         1  1  2   2  2   6  1  0  0  0  0/0    18:45   4:25   0:00 

3 Stars

1 - Jared McCann (SAF)
2 - Viktor Arvidsson (SAF)
3 - Jack Roslovic (SAF)

Power Play

SAN JOSE BRONCOS - 0 on 2 Attempt(s) - 0,00%
SAN FRANCISCO SPIDERS - 0 on 4 Attempt(s) - 0,00%

Penalty Kill

SAN JOSE BRONCOS - 4 on 4 Attempt(s) - 100,00% - Score 0 goal in Penalty Kill
SAN FRANCISCO SPIDERS - 2 on 2 Attempt(s) - 100,00% - Score 0 goal in Penalty Kill

Team Stat

SAN JOSE BRONCOS - Hits : 16 - Faceoff Wins : 30 - Blocked Shots : 7 - Penalty Minutes : 8
SAN FRANCISCO SPIDERS - Hits : 18 - Faceoff Wins : 53 - Blocked Shots : 10 - Penalty Minutes : 4

Official

Referees : TJ Luxmore and Graham Skilliter
Linesman : Dennis Urban and Bevan Mills

Game Notes

No Game Note

Finance

Level 1 -- Attendance: 6105 (100,00%) -- Ticket Income 915 750 $
Level 2 -- Attendance: 5180 (100,00%) -- Ticket Income 518 000 $
Level 3 -- Attendance: 2035 (100,00%) -- Ticket Income 162 800 $
Level 4 -- Attendance: 4180 (100,00%) -- Ticket Income 250 800 $
Luxury Box -- Attendance: 1000 (100,00%) -- Ticket Income 300 000 $
Game was played at the Bay Area Sports Center.
Total Attendance: 18500 (100,00%)
Total Ticket Income: 2 147 350 $
Other Expense: 21 474 $
Total Income: 2 125 876 $

SAN JOSE BRONCOS

5 vs 5 Forward 
   Center                   Left Wing                Right Wing               Time % Phy DF OF 
 1 Brayden Point            Clayton Keller           Jesper Bratt             36     1   2  2  
 2 Tyson Jost               Cole Caufield            Oliver Bjorkstrand       30     1   2  2  
 3 Anthony Richard          Carl Grundstrom          Jesse Puljujarvi         24     1   2  2  
 4 Ilya Usau                Jonathan Gruden          Brett Leason             10     1   2  2  

5 vs 5 Defense 
   Defense                  Defense                                           Time % Phy DF OF 
 1 Jaccob Slavin            Neal Pionk                                        36     1   2  2  
 2 Adam Pelech              Jake Walman                                       31     1   2  2  
 3 Timothy Liljegren        Ville Ottavainen                                  23     1   2  2  
 4 Jaccob Slavin            Neal Pionk                                        10     1   2  2  

PowerPlay Forward 
   Center                   Left Wing                Right Wing               Time % Phy DF OF 
 1 Brayden Point            Clayton Keller           Jesper Bratt             55     1   2  2  
 2 Tyson Jost               Cole Caufield            Oliver Bjorkstrand       45     1   2  2  

PowerPlay Defense
   Defense                  Defense                                           Time % Phy DF OF 
 1 Jaccob Slavin            Neal Pionk                                        55     1   2  2  
 2 Adam Pelech              Jake Walman                                       45     1   2  2  

Penalty Kill 4 Players Forward 
   Center                   Wing                     Time % Phy DF OF 
 1 Tyson Jost               Carl Grundstrom          55     1   2  2  
 2 Jesper Bratt             Brett Leason             45     1   2  2  

Penalty Kill 4 Players Defense
   Defense                  Defense                  Time % Phy DF OF 
 1 Jaccob Slavin            Neal Pionk               55     1   2  2  
 2 Adam Pelech              Jake Walman              45     1   2  2  

Penalty Kill - 3 Players Forward 
   Forward                                           Time % Phy DF OF 
 1 Anthony Richard                                   55     1   2  2  
 2 Clayton Keller                                    45     1   2  2  

Penalty Kill - 3 Players Defense
   Defense                  Defense                  Time % Phy DF OF 
 1 Jaccob Slavin            Neal Pionk               55     1   2  2  
 2 Adam Pelech              Jake Walman              45     1   2  2  

4 vs 4 Forward 
   Center                   Wing                     Time % Phy DF OF 
 1 Ilya Usau                Clayton Keller           55     1   2  2  
 2 Jesper Bratt             Oliver Bjorkstrand       45     1   2  2  

4 vs 4 Defense
   Defense                  Defense                  Time % Phy DF OF 
 1 Jaccob Slavin            Neal Pionk               55     1   2  2  
 2 Adam Pelech              Jake Walman              45     1   2  2  

Last Minutes Offensive
   Center                   Left Wing                Right Wing               Defense                  Defense                  
   Brayden Point            Clayton Keller           Jesper Bratt             Jaccob Slavin            Neal Pionk               

Last Minutes Defensive
   Center                   Left Wing                Right Wing               Defense                  Defense                  
   Brayden Point            Clayton Keller           Jesper Bratt             Jaccob Slavin            Neal Pionk               

Goaltenders
Starting : Jaxson Stauber           
Backup : Garrett Metcalf          

Extra Forwards
Normal : Jonathan Gruden, Jesse Puljujarvi, Carl Grundstrom - PP : Ilya Usau, Jesse Puljujarvi - PK : Carl Grundstrom
Extra Defensemen
Normal : Timothy Liljegren, Ville Ottavainen, Adam Pelech - PP : Timothy Liljegren - PK : Ville Ottavainen, Adam Pelech
Penalty Shots
Brayden Point, Clayton Keller, Jesper Bratt, Oliver Bjorkstrand, Cole Caufield
Custom OT Lines Forwards
Brayden Point, Clayton Keller, Jesper Bratt, Oliver Bjorkstrand, Cole Caufield, Tyson Jost, Jesse Puljujarvi, Carl Grundstrom, Brett Leason, Jonathan Gruden
Custom OT Lines Defensemen
Jaccob Slavin, Neal Pionk, Adam Pelech, Jake Walman, Timothy Liljegren

Scratches
Jake Bean (Broken Bone (Right Ankle) Injury)

SAN FRANCISCO SPIDERS

5 vs 5 Forward 
   Center                   Left Wing                Right Wing               Time % Phy DF OF 
 1 Bo Horvat                Ondrej Palat             Andrei Svechnikov        32     0   2  3  
 2 Sebastian Aho            Brady Tkachuk            Nick Bjugstad            32     0   2  3  
 3 Jack Roslovic            Jared McCann             Viktor Arvidsson         31     0   2  3  
 4 Dakota Joshua            Sam Lafferty             Eeli Tolvanen            5      0   5  0  

5 vs 5 Defense 
   Defense                  Defense                                           Time % Phy DF OF 
 1 Darnell Nurse            Brenden Dillon                                    38     0   4  1  
 2 Michael Anderson         Brock Faber                                       37     0   4  1  
 3 Erik Gudbranson          Jacob Middleton                                   15     0   5  0  
 4 Darnell Nurse            Brock Faber                                       10     0   4  1  

PowerPlay Forward 
   Center                   Left Wing                Right Wing               Time % Phy DF OF 
 1 Sebastian Aho            Andrei Svechnikov        Jared McCann             55     0   0  5  
 2 Bo Horvat                Brady Tkachuk            Viktor Arvidsson         45     0   0  5  

PowerPlay Defense
   Defense                  Defense                                           Time % Phy DF OF 
 1 Darnell Nurse            Brenden Dillon                                    55     0   1  4  
 2 Michael Anderson         Brock Faber                                       45     0   1  4  

Penalty Kill 4 Players Forward 
   Center                   Wing                     Time % Phy DF OF 
 1 Bo Horvat                Jack Roslovic            55     0   5  0  
 2 Sebastian Aho            Jack Roslovic            45     0   5  0  

Penalty Kill 4 Players Defense
   Defense                  Defense                  Time % Phy DF OF 
 1 Darnell Nurse            Brenden Dillon           55     0   5  0  
 2 Brock Faber              Michael Anderson         45     0   5  0  

Penalty Kill - 3 Players Forward 
   Forward                                           Time % Phy DF OF 
 1 Jack Roslovic                                     55     0   5  0  
 2 Bo Horvat                                         45     0   5  0  

Penalty Kill - 3 Players Defense
   Defense                  Defense                  Time % Phy DF OF 
 1 Darnell Nurse            Brenden Dillon           55     0   5  0  
 2 Brock Faber              Michael Anderson         45     0   5  0  

4 vs 4 Forward 
   Center                   Wing                     Time % Phy DF OF 
 1 Bo Horvat                Jared McCann             55     1   2  2  
 2 Sebastian Aho            Viktor Arvidsson         45     1   2  2  

4 vs 4 Defense
   Defense                  Defense                  Time % Phy DF OF 
 1 Darnell Nurse            Brenden Dillon           55     1   2  2  
 2 Michael Anderson         Brock Faber              45     1   2  2  

Last Minutes Offensive
   Center                   Left Wing                Right Wing               Defense                  Defense                  
   Bo Horvat                Sebastian Aho            Viktor Arvidsson         Darnell Nurse            Brenden Dillon           

Last Minutes Defensive
   Center                   Left Wing                Right Wing               Defense                  Defense                  
   Bo Horvat                Sebastian Aho            Viktor Arvidsson         Darnell Nurse            Brenden Dillon           

Goaltenders
Starting : Igor Shesterkin          
Backup : Kevin Lankinen           

Extra Forwards
Normal : Bo Horvat, Jared McCann, Sebastian Aho - PP : Viktor Arvidsson, Jack Roslovic - PK : Bo Horvat
Extra Defensemen
Normal : Darnell Nurse, Brock Faber, Brenden Dillon - PP : Michael Anderson - PK : Darnell Nurse, Erik Gudbranson
Penalty Shots
Brady Tkachuk, Bo Horvat, Sebastian Aho, Viktor Arvidsson, Andrei Svechnikov
Custom OT Lines Forwards
Sebastian Aho, Bo Horvat, Brady Tkachuk, Jared McCann, Andrei Svechnikov, Nick Bjugstad, Viktor Arvidsson, Ondrej Palat, Dakota Joshua, Eeli Tolvanen
Custom OT Lines Defensemen
Darnell Nurse, Brock Faber, Brenden Dillon, Erik Gudbranson, Michael Anderson

Scratches
Justin Brazeau (Healthy), Sean Durzi (Fractured Left Foot Injury), Zach Hyman (Bruised Left Leg Injury)

% Time on Ice - SAN JOSE BRONCOS

Lines # - Real PCT - Wanted PCT - Time Play
Normal Forward
1 - 37% - 36% - 17:46
2 - 30% - 30% - 14:21
3 - 22% - 24% - 10:23
4 - 12% - 10% - 5:36
Normal Defense
1 - 34% - 36% - 16:35
2 - 35% - 31% - 16:57
3 - 27% - 23% - 12:56
4 - 3% - 10% - 1:38
PP Forward
1 - 58% - 55% - 2:19
2 - 42% - 45% - 1:39
PP Defense
1 - 56% - 55% - 2:14
2 - 44% - 45% - 1:44
PK Forward
1 - 59% - 55% - 4:42
2 - 41% - 45% - 3:14
PK Defense
1 - 54% - 55% - 4:16
2 - 46% - 45% - 3:40
PK3 Forward
1 - 0% - 55%
2 - 0% - 45%
PK3 Defense
1 - 0% - 55%
2 - 0% - 45%
44 Forward
1 - 0% - 55%
2 - 0% - 45%
44 Defense
1 - 0% - 55%
2 - 0% - 45%
Last Minute Offensive  - 0:00
Last Minute Defensive  - 0:00
Total
Forward - 60:00
Defense - 60:00

% Time on Ice - SAN FRANCISCO SPIDERS

Lines # - Real PCT - Wanted PCT - Time Play
Normal Forward
1 - 29% - 32% - 14:08
2 - 29% - 32% - 13:48
3 - 30% - 31% - 14:21
4 - 12% - 5% - 5:49
Normal Defense
1 - 35% - 38% - 16:37
2 - 33% - 37% - 16:04
3 - 27% - 15% - 12:49
4 - 5% - 10% - 2:36
PP Forward
1 - 56% - 55% - 4:26
2 - 44% - 45% - 3:30
PP Defense
1 - 52% - 55% - 4:06
2 - 48% - 45% - 3:50
PK Forward
1 - 76% - 55% - 3:00
2 - 24% - 45% - 0:58
PK Defense
1 - 37% - 55% - 1:29
2 - 63% - 45% - 2:29
PK3 Forward
1 - 0% - 55%
2 - 0% - 45%
PK3 Defense
1 - 0% - 55%
2 - 0% - 45%
44 Forward
1 - 0% - 55%
2 - 0% - 45%
44 Defense
1 - 0% - 55%
2 - 0% - 45%
Last Minute Offensive  - 0:00
Last Minute Defensive  - 0:00
Total
Forward - 60:00
Defense - 60:00

Play-by-Play

1st period


0:01 of 1st period - Bo Horvat wins face-off versus Brayden Point in neutral zone.
0:01 of 1st period - Bo Horvat is hit by Jesper Bratt.
0:21 of 1st period - Shot by Bo Horvat.
0:21 of 1st period - Deflect By Ondrej Palat.
0:21 of 1st period - Stopped by Jaxson Stauber with a rebound.
0:23 of 1st period - Shot by Brenden Dillon.
0:23 of 1st period - Shot Blocked by Neal Pionk.
0:31 of 1st period - Shot by Andrei Svechnikov.
0:31 of 1st period - Shot Misses the Net.
0:43 of 1st period - Shot by Bo Horvat.
0:43 of 1st period - Goal by Bo Horvat - SAN JOSE BRONCOS : 0 - SAN FRANCISCO SPIDERS : 1.
0:44 of 1st period - Tyson Jost wins face-off versus Nick Bjugstad in neutral zone.
0:47 of 1st period - Shot by Cole Caufield.
0:47 of 1st period - Stopped by Igor Shesterkin with a rebound.
1:02 of 1st period - Icing by Adam Pelech.
1:03 of 1st period - Jack Roslovic wins face-off versus Cole Caufield in SAN JOSE BRONCOS zone.
1:38 of 1st period - Shot by Cole Caufield.
1:38 of 1st period - Shot Misses the Net.
2:01 of 1st period - Icing by Timothy Liljegren.
2:02 of 1st period - Sebastian Aho wins face-off versus Anthony Richard in SAN JOSE BRONCOS zone.
2:27 of 1st period - Shot by Sebastian Aho.
2:27 of 1st period - Deflect By Brady Tkachuk.
2:27 of 1st period - Stopped by Jaxson Stauber without a rebound.
2:28 of 1st period - Dakota Joshua wins face-off versus Ilya Usau in SAN JOSE BRONCOS zone.
2:33 of 1st period - Shot by Eeli Tolvanen.
2:33 of 1st period - Stopped by Jaxson Stauber without a rebound.
2:34 of 1st period - Brayden Point wins face-off versus Andrei Svechnikov in SAN JOSE BRONCOS zone.
2:47 of 1st period - Shot by Jesper Bratt.
2:47 of 1st period - Deflect By Clayton Keller.
2:47 of 1st period - Shot Misses the Net.
2:58 of 1st period - Jesper Bratt is hit by Darnell Nurse and loses puck.
3:05 of 1st period - Shot by Clayton Keller.
3:05 of 1st period - Stopped by Igor Shesterkin without a rebound.
3:06 of 1st period - Sebastian Aho wins face-off versus Ilya Usau in SAN FRANCISCO SPIDERS zone.
3:25 of 1st period - Jonathan Gruden is hit by Erik Gudbranson.
4:50 of 1st period - Shot by Viktor Arvidsson.
4:50 of 1st period - Stopped by Jaxson Stauber with a rebound.
4:52 of 1st period - Shot by Jack Roslovic.
4:52 of 1st period - Shot Misses the Net.
5:03 of 1st period - Icing by Neal Pionk.
5:04 of 1st period - Bo Horvat wins face-off versus Anthony Richard in SAN JOSE BRONCOS zone.
5:19 of 1st period - Shot by Bo Horvat.
5:19 of 1st period - Stopped by Jaxson Stauber without a rebound.
5:20 of 1st period - Dakota Joshua wins face-off versus Clayton Keller in SAN JOSE BRONCOS zone.
5:23 of 1st period - Shot by Eeli Tolvanen.
5:23 of 1st period - Stopped by Jaxson Stauber without a rebound.
5:24 of 1st period - Bo Horvat wins face-off versus Brayden Point in SAN JOSE BRONCOS zone.
5:44 of 1st period - Bo Horvat is hit by Adam Pelech and loses puck.
5:53 of 1st period - Brock Faber is hit by Brayden Point and loses puck.
6:02 of 1st period - Shot by Clayton Keller.
6:02 of 1st period - Deflect By Brayden Point.
6:02 of 1st period - Shot Misses the Net.
7:01 of 1st period - Icing by Brock Faber.
7:02 of 1st period - Bo Horvat wins face-off versus Ilya Usau in SAN FRANCISCO SPIDERS zone.
7:02 of 1st period - Bo Horvat is hit by Ilya Usau.
7:05 of 1st period - Brock Faber is hit by Jonathan Gruden and loses puck.
7:37 of 1st period - Minor Penalty to Ilya Usau for Holding.
7:38 of 1st period - Tyson Jost wins face-off versus Sebastian Aho in SAN JOSE BRONCOS zone.
8:15 of 1st period - Shot by Viktor Arvidsson.
8:15 of 1st period - Stopped by Jaxson Stauber with a rebound.
8:42 of 1st period - Icing by Viktor Arvidsson.
8:43 of 1st period - Jesper Bratt wins face-off versus Sebastian Aho in SAN FRANCISCO SPIDERS zone.
9:42 of 1st period - Erik Gudbranson is hit by Timothy Liljegren and loses puck.
9:53 of 1st period - Shot by Eeli Tolvanen.
9:53 of 1st period - Shot Blocked by Timothy Liljegren.
9:55 of 1st period - Shot by Erik Gudbranson.
9:55 of 1st period - Stopped by Jaxson Stauber without a rebound.
9:56 of 1st period - Brayden Point wins face-off versus Brady Tkachuk in SAN JOSE BRONCOS zone.
9:56 of 1st period - Brayden Point is hit by Sebastian Aho.
11:22 of 1st period - Shot by Viktor Arvidsson.
11:22 of 1st period - Shot Misses the Net.
12:24 of 1st period - Shot by Oliver Bjorkstrand.
12:24 of 1st period - Stopped by Igor Shesterkin without a rebound.
12:25 of 1st period - Sebastian Aho wins face-off versus Tyson Jost in SAN FRANCISCO SPIDERS zone.
12:34 of 1st period - Shot by Cole Caufield.
12:34 of 1st period - Shot Misses the Net.
12:36 of 1st period - Shot by Tyson Jost.
12:36 of 1st period - Shot Blocked by Darnell Nurse.
12:38 of 1st period - Shot by Oliver Bjorkstrand.
12:38 of 1st period - Shot Misses the Net.
12:40 of 1st period - Shot by Adam Pelech.
12:40 of 1st period - Shot Blocked by Sebastian Aho.
12:42 of 1st period - Shot by Jake Walman.
12:42 of 1st period - Shot Misses the Net.
12:44 of 1st period - Shot by Tyson Jost.
12:44 of 1st period - Shot Misses the Net.
12:54 of 1st period - Shot by Cole Caufield.
12:54 of 1st period - Shot Misses the Net.
12:56 of 1st period - Shot by Adam Pelech.
12:56 of 1st period - Stopped by Igor Shesterkin without a rebound.
12:57 of 1st period - Dakota Joshua wins face-off versus Anthony Richard in SAN FRANCISCO SPIDERS zone.
13:06 of 1st period - Shot by Brock Faber.
13:06 of 1st period - Stopped by Jaxson Stauber without a rebound.
13:07 of 1st period - Ilya Usau wins face-off versus Jack Roslovic in SAN JOSE BRONCOS zone.
13:16 of 1st period - Shot by Jonathan Gruden.
13:16 of 1st period - Stopped by Igor Shesterkin without a rebound.
13:17 of 1st period - Sebastian Aho wins face-off versus Tyson Jost in SAN FRANCISCO SPIDERS zone.
13:17 of 1st period - Sebastian Aho is hit by Oliver Bjorkstrand.
13:23 of 1st period - Adam Pelech is hit by Brady Tkachuk and loses puck.
13:45 of 1st period - Icing by Cole Caufield.
13:46 of 1st period - Jack Roslovic wins face-off versus Tyson Jost in SAN JOSE BRONCOS zone.
13:47 of 1st period - Shot by Jared McCann.
13:47 of 1st period - Shot Misses the Net.
14:02 of 1st period - Oliver Bjorkstrand is hit by Brenden Dillon.
14:06 of 1st period - Shot by Cole Caufield.
14:06 of 1st period - Deflect By Oliver Bjorkstrand.
14:06 of 1st period - Shot Blocked by Darnell Nurse.
14:40 of 1st period - Minor Penalty to Viktor Arvidsson for Tripping.
14:41 of 1st period - Bo Horvat wins face-off versus Brayden Point in SAN FRANCISCO SPIDERS zone.
16:15 of 1st period - Icing by Brayden Point.
16:16 of 1st period - Brayden Point wins face-off versus Bo Horvat in SAN JOSE BRONCOS zone.
17:21 of 1st period - Shot by Eeli Tolvanen.
17:21 of 1st period - Shot Blocked by Timothy Liljegren.
17:35 of 1st period - Shot by Brady Tkachuk.
17:35 of 1st period - Shot Misses the Net.
17:48 of 1st period - Shot by Brady Tkachuk.
17:48 of 1st period - Deflect By Sebastian Aho.
17:48 of 1st period - Shot Misses the Net.
17:54 of 1st period - Shot by Brady Tkachuk.
17:54 of 1st period - Shot Misses the Net.
17:56 of 1st period - Shot by Sebastian Aho.
17:56 of 1st period - Stopped by Jaxson Stauber without a rebound.
17:57 of 1st period - Bo Horvat wins face-off versus Tyson Jost in SAN JOSE BRONCOS zone.
18:14 of 1st period - Shot by Ondrej Palat.
18:14 of 1st period - Stopped by Jaxson Stauber without a rebound.
18:15 of 1st period - Brayden Point wins face-off versus Jack Roslovic in SAN JOSE BRONCOS zone.
18:22 of 1st period - Shot by Jesper Bratt.
18:22 of 1st period - Deflect By Brayden Point.
18:22 of 1st period - Stopped by Igor Shesterkin with a rebound.
18:24 of 1st period - Shot by Jesper Bratt.
18:24 of 1st period - Shot Misses the Net.
18:52 of 1st period - Shot by Jack Roslovic.
18:52 of 1st period - Stopped by Jaxson Stauber with a rebound.
19:10 of 1st period - Icing by Michael Anderson.
19:11 of 1st period - Tyson Jost wins face-off versus Jack Roslovic in SAN FRANCISCO SPIDERS zone.
19:15 of 1st period - Cole Caufield is hit by Brock Faber and loses puck.
19:20 of 1st period - Shot by Oliver Bjorkstrand.
19:20 of 1st period - Shot Blocked by Michael Anderson.
19:22 of 1st period - Shot by Jake Walman.
19:22 of 1st period - Stopped by Igor Shesterkin without a rebound.
19:23 of 1st period - Ilya Usau wins face-off versus Sebastian Aho in SAN FRANCISCO SPIDERS zone.
19:23 of 1st period - Ilya Usau is hit by Darnell Nurse.
19:35 of 1st period - Shot by Nick Bjugstad.
19:35 of 1st period - Goal by Nick Bjugstad - SAN JOSE BRONCOS : 0 - SAN FRANCISCO SPIDERS : 2.
19:36 of 1st period - Tyson Jost wins face-off versus Bo Horvat in neutral zone.
19:52 of 1st period - Icing by Jake Walman.
19:53 of 1st period - Sebastian Aho wins face-off versus Tyson Jost in SAN JOSE BRONCOS zone.
19:58 of 1st period - Shot by Brady Tkachuk.
19:58 of 1st period - Shot Misses the Net.
Goals for this period are 0 for SAN JOSE BRONCOS vs 2 for SAN FRANCISCO SPIDERS.
Shots for this period are 7 for SAN JOSE BRONCOS vs 14 for SAN FRANCISCO SPIDERS.

2nd period


0:01 of 2nd period - Tyson Jost wins face-off versus Sebastian Aho in neutral zone.
0:39 of 2nd period - Minor Penalty to Oliver Bjorkstrand for Roughing.
0:40 of 2nd period - Jesper Bratt wins face-off versus Andrei Svechnikov in SAN JOSE BRONCOS zone.
2:02 of 2nd period - Icing by Darnell Nurse.
2:03 of 2nd period - Bo Horvat wins face-off versus Jesper Bratt in SAN FRANCISCO SPIDERS zone.
3:06 of 2nd period - Shot by Oliver Bjorkstrand.
3:06 of 2nd period - Goal by Oliver Bjorkstrand - SAN JOSE BRONCOS : 1 - SAN FRANCISCO SPIDERS : 2.
3:07 of 2nd period - Bo Horvat wins face-off versus Anthony Richard in neutral zone.
3:09 of 2nd period - Off-side.
3:10 of 2nd period - Anthony Richard wins face-off versus Jack Roslovic in neutral zone.
3:53 of 2nd period - Shot by Jack Roslovic.
3:53 of 2nd period - Shot Misses the Net.
4:14 of 2nd period - Icing by Sebastian Aho.
4:15 of 2nd period - Sebastian Aho wins face-off versus Brayden Point in SAN FRANCISCO SPIDERS zone.
4:15 of 2nd period - Sebastian Aho is hit by Jesper Bratt.
4:41 of 2nd period - Shot by Clayton Keller.
4:41 of 2nd period - Shot Misses the Net.
4:58 of 2nd period - Brayden Point is hit by Brenden Dillon and loses puck.
5:10 of 2nd period - Icing by Darnell Nurse.
5:11 of 2nd period - Sebastian Aho wins face-off versus Oliver Bjorkstrand in SAN FRANCISCO SPIDERS zone.
5:51 of 2nd period - Shot by Bo Horvat.
5:51 of 2nd period - Stopped by Jaxson Stauber without a rebound.
5:52 of 2nd period - Jack Roslovic wins face-off versus Jonathan Gruden in SAN JOSE BRONCOS zone.
6:00 of 2nd period - Off-side.
6:01 of 2nd period - Jack Roslovic wins face-off versus Brayden Point in neutral zone.
6:04 of 2nd period - Shot by Viktor Arvidsson.
6:04 of 2nd period - Stopped by Jaxson Stauber with a rebound.
6:22 of 2nd period - Shot by Clayton Keller.
6:22 of 2nd period - Stopped by Igor Shesterkin without a rebound.
6:23 of 2nd period - Bo Horvat wins face-off versus Anthony Richard in SAN FRANCISCO SPIDERS zone.
6:27 of 2nd period - Off-side.
6:28 of 2nd period - Bo Horvat wins face-off versus Brayden Point in neutral zone.
6:41 of 2nd period - Shot by Ondrej Palat.
6:41 of 2nd period - Stopped by Jaxson Stauber without a rebound.
6:42 of 2nd period - Sebastian Aho wins face-off versus Tyson Jost in SAN JOSE BRONCOS zone.
6:43 of 2nd period - Shot by Brady Tkachuk.
6:43 of 2nd period - Stopped by Jaxson Stauber with a rebound.
6:46 of 2nd period - Icing by Jake Walman.
6:47 of 2nd period - Bo Horvat wins face-off versus Tyson Jost in SAN JOSE BRONCOS zone.
6:47 of 2nd period - Ondrej Palat is hit by Adam Pelech and loses puck.
7:04 of 2nd period - Shot by Cole Caufield.
7:04 of 2nd period - Stopped by Igor Shesterkin without a rebound.
7:05 of 2nd period - Sebastian Aho wins face-off versus Brayden Point in SAN FRANCISCO SPIDERS zone.
8:10 of 2nd period - Icing by Jake Walman.
8:11 of 2nd period - Bo Horvat wins face-off versus Tyson Jost in SAN JOSE BRONCOS zone.
8:20 of 2nd period - Shot by Cole Caufield.
8:20 of 2nd period - Shot Misses the Net.
8:22 of 2nd period - Shot by Adam Pelech.
8:22 of 2nd period - Stopped by Igor Shesterkin without a rebound.
8:23 of 2nd period - Anthony Richard wins face-off versus Jack Roslovic in SAN FRANCISCO SPIDERS zone.
8:50 of 2nd period - Icing by Timothy Liljegren.
8:51 of 2nd period - Bo Horvat wins face-off versus Anthony Richard in SAN JOSE BRONCOS zone.
9:06 of 2nd period - Shot by Timothy Liljegren.
9:06 of 2nd period - Stopped by Igor Shesterkin without a rebound.
9:07 of 2nd period - Sebastian Aho wins face-off versus Brayden Point in SAN FRANCISCO SPIDERS zone.
9:41 of 2nd period - Shot by Jesper Bratt.
9:41 of 2nd period - Stopped by Igor Shesterkin with a rebound.
9:43 of 2nd period - Shot by Brayden Point.
9:43 of 2nd period - Shot Blocked by Michael Anderson.
9:45 of 2nd period - Shot by Clayton Keller.
9:45 of 2nd period - Stopped by Igor Shesterkin without a rebound.
9:46 of 2nd period - Bo Horvat wins face-off versus Tyson Jost in SAN FRANCISCO SPIDERS zone.
11:02 of 2nd period - Carl Grundstrom is hit by Jared McCann and loses puck.
11:17 of 2nd period - Shot by Viktor Arvidsson.
11:17 of 2nd period - Stopped by Jaxson Stauber with a rebound.
11:19 of 2nd period - Shot by Jared McCann.
11:19 of 2nd period - Shot Misses the Net.
11:21 of 2nd period - Shot by Michael Anderson.
11:21 of 2nd period - Deflect By Jared McCann.
11:21 of 2nd period - Stopped by Jaxson Stauber without a rebound.
11:22 of 2nd period - Sebastian Aho wins face-off versus Brayden Point in SAN JOSE BRONCOS zone.
11:24 of 2nd period - Minor Penalty to Neal Pionk for Tripping.
11:25 of 2nd period - Jesper Bratt wins face-off versus Sebastian Aho in SAN JOSE BRONCOS zone.
11:36 of 2nd period - Shot by Sebastian Aho.
11:36 of 2nd period - Stopped by Jaxson Stauber without a rebound.
11:37 of 2nd period - Brady Tkachuk wins face-off versus Jesper Bratt in SAN JOSE BRONCOS zone.
11:59 of 2nd period - Off-side.
12:00 of 2nd period - Tyson Jost wins face-off versus Sebastian Aho in neutral zone.
12:31 of 2nd period - Shot by Jared McCann.
12:31 of 2nd period - Shot Blocked by Jaccob Slavin.
12:35 of 2nd period - Shot by Andrei Svechnikov.
12:35 of 2nd period - Shot Blocked by Jaccob Slavin.
12:37 of 2nd period - Shot by Brenden Dillon.
12:37 of 2nd period - Stopped by Jaxson Stauber without a rebound.
12:38 of 2nd period - Tyson Jost wins face-off versus Bo Horvat in SAN JOSE BRONCOS zone.
13:07 of 2nd period - Shot by Viktor Arvidsson.
13:07 of 2nd period - Shot Misses the Net.
13:49 of 2nd period - Shot by Clayton Keller.
13:49 of 2nd period - Stopped by Igor Shesterkin without a rebound.
13:50 of 2nd period - Sebastian Aho wins face-off versus Ilya Usau in SAN FRANCISCO SPIDERS zone.
13:50 of 2nd period - Sebastian Aho is hit by Ilya Usau.
14:15 of 2nd period - Minor Penalty to Jake Walman for Hooking.
14:16 of 2nd period - Sebastian Aho wins face-off versus Tyson Jost in SAN JOSE BRONCOS zone.
15:00 of 2nd period - Shot by Sebastian Aho.
15:00 of 2nd period - Shot Blocked by Adam Pelech.
15:42 of 2nd period - Shot by Darnell Nurse.
15:42 of 2nd period - Shot Misses the Net.
16:27 of 2nd period - Shot by Sam Lafferty.
16:27 of 2nd period - Shot Misses the Net.
17:17 of 2nd period - Brett Leason is hit by Dakota Joshua and loses puck.
18:14 of 2nd period - Shot by Jesse Puljujarvi.
18:14 of 2nd period - Shot Misses the Net.
19:06 of 2nd period - Erik Gudbranson is hit by Clayton Keller and loses puck.
19:17 of 2nd period - Shot by Clayton Keller.
19:17 of 2nd period - Stopped by Igor Shesterkin without a rebound.
19:18 of 2nd period - Tyson Jost wins face-off versus Sebastian Aho in SAN FRANCISCO SPIDERS zone.
19:25 of 2nd period - Shot by Oliver Bjorkstrand.
19:25 of 2nd period - Shot Blocked by Brenden Dillon.
19:27 of 2nd period - Shot by Neal Pionk.
19:27 of 2nd period - Stopped by Igor Shesterkin without a rebound.
19:28 of 2nd period - Tyson Jost wins face-off versus Jack Roslovic in SAN FRANCISCO SPIDERS zone.
19:34 of 2nd period - Icing by Michael Anderson.
19:35 of 2nd period - Tyson Jost wins face-off versus Jack Roslovic in SAN FRANCISCO SPIDERS zone.
19:44 of 2nd period - Shot by Cole Caufield.
19:44 of 2nd period - Shot Misses the Net.
Goals for this period are 1 for SAN JOSE BRONCOS vs 0 for SAN FRANCISCO SPIDERS.
Shots for this period are 10 for SAN JOSE BRONCOS vs 8 for SAN FRANCISCO SPIDERS.

3rd period


0:01 of 3rd period - Jack Roslovic wins face-off versus Brayden Point in neutral zone.
0:06 of 3rd period - Shot by Viktor Arvidsson.
0:06 of 3rd period - Goal by Viktor Arvidsson - SAN JOSE BRONCOS : 1 - SAN FRANCISCO SPIDERS : 3.
0:07 of 3rd period - Sebastian Aho wins face-off versus Jesper Bratt in neutral zone.
0:24 of 3rd period - Shot by Brady Tkachuk.
0:24 of 3rd period - Stopped by Jaxson Stauber without a rebound.
0:25 of 3rd period - Jack Roslovic wins face-off versus Tyson Jost in SAN JOSE BRONCOS zone.
0:25 of 3rd period - Viktor Arvidsson is hit by Adam Pelech and loses puck.
0:39 of 3rd period - Shot by Viktor Arvidsson.
0:39 of 3rd period - Stopped by Jaxson Stauber without a rebound.
0:40 of 3rd period - Brayden Point wins face-off versus Sebastian Aho in SAN JOSE BRONCOS zone.
0:45 of 3rd period - Shot by Brayden Point.
0:45 of 3rd period - Shot Misses the Net.
0:55 of 3rd period - Clayton Keller is hit by Brady Tkachuk and loses puck.
1:02 of 3rd period - Brady Tkachuk is hit by Clayton Keller and loses puck.
1:07 of 3rd period - Shot by Brayden Point.
1:07 of 3rd period - Shot Misses the Net.
1:09 of 3rd period - Shot by Jaccob Slavin.
1:09 of 3rd period - Shot Misses the Net.
1:19 of 3rd period - Shot by Clayton Keller.
1:19 of 3rd period - Stopped by Igor Shesterkin without a rebound.
1:20 of 3rd period - Tyson Jost wins face-off versus Jared McCann in SAN FRANCISCO SPIDERS zone.
1:23 of 3rd period - Shot by Cole Caufield.
1:23 of 3rd period - Shot Blocked by Michael Anderson.
1:25 of 3rd period - Shot by Tyson Jost.
1:25 of 3rd period - Shot Blocked by Brock Faber.
1:27 of 3rd period - Shot by Tyson Jost.
1:27 of 3rd period - Stopped by Igor Shesterkin without a rebound.
1:28 of 3rd period - Tyson Jost wins face-off versus Jack Roslovic in SAN FRANCISCO SPIDERS zone.
2:09 of 3rd period - Shot by Tyson Jost.
2:09 of 3rd period - Deflect By Cole Caufield.
2:09 of 3rd period - Shot Blocked by Michael Anderson.
2:11 of 3rd period - Shot by Jake Walman.
2:11 of 3rd period - Shot Misses the Net.
2:28 of 3rd period - Off-side.
2:29 of 3rd period - Bo Horvat wins face-off versus Anthony Richard in neutral zone.
2:40 of 3rd period - Shot by Bo Horvat.
2:40 of 3rd period - Stopped by Jaxson Stauber with a rebound.
2:50 of 3rd period - Shot by Bo Horvat.
2:50 of 3rd period - Stopped by Jaxson Stauber with a rebound.
2:52 of 3rd period - Shot by Darnell Nurse.
2:52 of 3rd period - Shot Misses the Net.
3:01 of 3rd period - Shot by Andrei Svechnikov.
3:01 of 3rd period - Stopped by Jaxson Stauber without a rebound.
3:02 of 3rd period - Sebastian Aho wins face-off versus Brayden Point in SAN JOSE BRONCOS zone.
3:11 of 3rd period - Shot by Sebastian Aho.
3:11 of 3rd period - Shot Blocked by Neal Pionk.
3:13 of 3rd period - Shot by Sebastian Aho.
3:13 of 3rd period - Deflect By Brady Tkachuk.
3:13 of 3rd period - Shot Misses the Net.
3:19 of 3rd period - Shot by Brady Tkachuk.
3:19 of 3rd period - Shot Misses the Net.
3:21 of 3rd period - Shot by Erik Gudbranson.
3:21 of 3rd period - Stopped by Jaxson Stauber without a rebound.
3:22 of 3rd period - Jack Roslovic wins face-off versus Tyson Jost in SAN JOSE BRONCOS zone.
5:18 of 3rd period - Shot by Andrei Svechnikov.
5:18 of 3rd period - Shot Misses the Net.
5:34 of 3rd period - Shot by Andrei Svechnikov.
5:34 of 3rd period - Stopped by Jaxson Stauber without a rebound.
5:35 of 3rd period - Sebastian Aho wins face-off versus Anthony Richard in SAN JOSE BRONCOS zone.
5:54 of 3rd period - Shot by Nick Bjugstad.
5:54 of 3rd period - Stopped by Jaxson Stauber without a rebound.
5:55 of 3rd period - Ilya Usau wins face-off versus Dakota Joshua in SAN JOSE BRONCOS zone.
5:55 of 3rd period - Ilya Usau is hit by Dakota Joshua.
8:50 of 3rd period - Icing by Brenden Dillon.
8:51 of 3rd period - Jack Roslovic wins face-off versus Anthony Richard in SAN FRANCISCO SPIDERS zone.
9:00 of 3rd period - Shot by Jake Walman.
9:00 of 3rd period - Stopped by Igor Shesterkin without a rebound.
9:01 of 3rd period - Sebastian Aho wins face-off versus Ilya Usau in SAN FRANCISCO SPIDERS zone.
9:17 of 3rd period - Shot by Jake Walman.
9:17 of 3rd period - Stopped by Igor Shesterkin without a rebound.
9:18 of 3rd period - Jack Roslovic wins face-off versus Anthony Richard in SAN FRANCISCO SPIDERS zone.
9:23 of 3rd period - Carl Grundstrom is hit by Viktor Arvidsson.
9:27 of 3rd period - Shot by Neal Pionk.
9:27 of 3rd period - Shot Misses the Net.
9:29 of 3rd period - Shot by Jaccob Slavin.
9:29 of 3rd period - Shot Misses the Net.
9:45 of 3rd period - Neal Pionk is hit by Jack Roslovic and loses puck.
9:54 of 3rd period - Shot by Jesse Puljujarvi.
9:54 of 3rd period - Deflect By Carl Grundstrom.
9:54 of 3rd period - Shot Hit the Post.
9:56 of 3rd period - Shot by Neal Pionk.
9:56 of 3rd period - Stopped by Igor Shesterkin without a rebound.
9:56 of 3rd period - Minor Penalty to Erik Gudbranson for Hooking.
9:57 of 3rd period - Bo Horvat wins face-off versus Brayden Point in SAN FRANCISCO SPIDERS zone.
10:22 of 3rd period - Shot by Jesper Bratt.
10:22 of 3rd period - Shot Misses the Net.
10:24 of 3rd period - Shot by Adam Pelech.
10:24 of 3rd period - Shot Misses the Net.
10:26 of 3rd period - Shot by Jake Walman.
10:26 of 3rd period - Stopped by Igor Shesterkin without a rebound.
10:27 of 3rd period - Tyson Jost wins face-off versus Bo Horvat in SAN FRANCISCO SPIDERS zone.
10:46 of 3rd period - Shot by Neal Pionk.
10:46 of 3rd period - Shot Misses the Net.
10:48 of 3rd period - Shot by Jaccob Slavin.
10:48 of 3rd period - Stopped by Igor Shesterkin without a rebound.
10:49 of 3rd period - Bo Horvat wins face-off versus Brayden Point in SAN FRANCISCO SPIDERS zone.
11:16 of 3rd period - Shot by Brayden Point.
11:16 of 3rd period - Shot Misses the Net.
11:18 of 3rd period - Shot by Jake Walman.
11:18 of 3rd period - Shot Blocked by Brock Faber.
11:20 of 3rd period - Shot by Brayden Point.
11:20 of 3rd period - Stopped by Igor Shesterkin without a rebound.
11:21 of 3rd period - Tyson Jost wins face-off versus Sebastian Aho in SAN FRANCISCO SPIDERS zone.
11:52 of 3rd period - Shot by Cole Caufield.
11:52 of 3rd period - Shot Misses the Net.
12:10 of 3rd period - Shot by Sam Lafferty.
12:10 of 3rd period - Stopped by Jaxson Stauber without a rebound.
12:11 of 3rd period - Sebastian Aho wins face-off versus Brayden Point in SAN JOSE BRONCOS zone.
12:42 of 3rd period - Shot by Jesper Bratt.
12:42 of 3rd period - Stopped by Igor Shesterkin without a rebound.
12:43 of 3rd period - Tyson Jost wins face-off versus Jack Roslovic in SAN FRANCISCO SPIDERS zone.
12:52 of 3rd period - Jared McCann is hit by Tyson Jost and loses puck.
13:06 of 3rd period - Jared McCann is hit by Neal Pionk and loses puck.
13:27 of 3rd period - Shot by Viktor Arvidsson.
13:27 of 3rd period - Shot Misses the Net.
13:29 of 3rd period - Shot by Jared McCann.
13:29 of 3rd period - Goal by Jared McCann - SAN JOSE BRONCOS : 1 - SAN FRANCISCO SPIDERS : 4.
13:30 of 3rd period - Brayden Point wins face-off versus Bo Horvat in neutral zone.
14:02 of 3rd period - Andrei Svechnikov is hit by Brayden Point.
14:35 of 3rd period - Off-side.
14:36 of 3rd period - Sebastian Aho wins face-off versus Jonathan Gruden in neutral zone.
15:07 of 3rd period - Shot by Nick Bjugstad.
15:07 of 3rd period - Shot Misses the Net.
15:09 of 3rd period - Shot by Brock Faber.
15:09 of 3rd period - Shot Misses the Net.
15:13 of 3rd period - Shot by Brady Tkachuk.
15:13 of 3rd period - Stopped by Jaxson Stauber without a rebound.
15:14 of 3rd period - Jack Roslovic wins face-off versus Oliver Bjorkstrand in SAN JOSE BRONCOS zone.
15:54 of 3rd period - Tyson Jost is hit by Jacob Middleton and loses puck.
16:41 of 3rd period - Icing by Clayton Keller.
16:42 of 3rd period - Bo Horvat wins face-off versus Brayden Point in SAN JOSE BRONCOS zone.
17:00 of 3rd period - Clayton Keller is hit by Andrei Svechnikov and loses puck.
17:17 of 3rd period - Shot by Ondrej Palat.
17:17 of 3rd period - Shot Misses the Net.
17:24 of 3rd period - Neal Pionk is hit by Brenden Dillon and loses puck.
17:33 of 3rd period - Shot by Jesse Puljujarvi.
17:33 of 3rd period - Shot Hit the Post.
17:41 of 3rd period - Shot by Carl Grundstrom.
17:41 of 3rd period - Stopped by Igor Shesterkin without a rebound.
17:42 of 3rd period - Sebastian Aho wins face-off versus Tyson Jost in SAN FRANCISCO SPIDERS zone.
18:47 of 3rd period - Icing by Erik Gudbranson.
18:48 of 3rd period - Dakota Joshua wins face-off versus Brayden Point in SAN FRANCISCO SPIDERS zone.
19:02 of 3rd period - Shot by Eeli Tolvanen.
19:02 of 3rd period - Shot Misses the Net.
19:04 of 3rd period - Shot by Jacob Middleton.
19:04 of 3rd period - Shot Misses the Net.
19:23 of 3rd period - Brayden Point is hit by Erik Gudbranson and loses puck.
19:41 of 3rd period - Off-side.
19:42 of 3rd period - Anthony Richard wins face-off versus Bo Horvat in neutral zone.
Goals for this period are 0 for SAN JOSE BRONCOS vs 2 for SAN FRANCISCO SPIDERS.
Shots for this period are 10 for SAN JOSE BRONCOS vs 12 for SAN FRANCISCO SPIDERS.


BRAD
MARCHAND
ANZE
KOPITAR
JAMIE
BENN

EAST COAST

HOCKEY LEAGUE

  • 69.QUE5CHW3
  • 70.CHA3TRV4
  • 71.PITRHI
  • 72.ATLWOR